 Dungeon Crawl Stone Soup version 0.21-a0-531-gacddea6 (webtiles) character file.

60 slep the Chopper (level 4, 0/23 HPs)
             Began as a Vine Stalker Gladiator on Dec 14, 2017.
             Slain by a worker ant (1 damage)
             ... on level 2 of the Dungeon.
             The game lasted 00:02:55 (898 turns).

slep the Chopper (Vine Stalker Gladiator)            Turns: 898, Time: 00:02:55

Health: 0/23       AC:  4    Str: 16    XL:     4   Next: 4%
Magic:  0/5        EV: 13    Int:  8    God:
Gold:   57         SH:  0    Dex: 17    Spells: 3/3 levels left

rFire    . . .     SeeInvis .   a - +0 war axe
rCold    . . .     Gourm    .   (no shield)
rNeg     . . .     Faith    .   b - +0 leather armour
rPois    .         Spirit   +   c - +0 helmet
rElec    .         Reflect  .   (no cloak)
rCorr    .         Harm     .   (no gloves)
MR       .....                  (no boots)
Stlth    +.........             (no amulet)
HPRegen  0.47/turn              (no ring)
MPRegen  0.09/turn              (no ring)

@: no status effects
A: fangs 2, regeneration 1, magic shield, antimagic bite, no potion heal 3, rot
immunity
a: no special abilities


You were on level 2 of the Dungeon.
You were not hungry.

You visited 1 branch of the dungeon, and saw 2 of its levels.

You collected 57 gold pieces.

Inventory:

Hand Weapons
 a - a +0 war axe (weapon)
Missiles
 d - 3 throwing nets (quivered)
Armour
 b - a +0 leather armour (worn)
 c - a +0 helmet (worn)
Scrolls
 e - a scroll of immolation {unknown}
 i - a scroll of magic mapping {unknown}
 j - a scroll of random uselessness {unknown}
 l - a scroll of identify {unknown}
Potions
 k - a potion of berserk rage {unknown}
Comestibles
 f - a bread ration
 g - 2 meat rations


   Skills:
 + Level 2.1 Fighting
 + Level 3.4 Axes
 + Level 1.8 Throwing
 + Level 0.8 Armour
 + Level 2.9 Dodging


You had 3 spell levels left.
You didn't know any spells.

Dungeon Overview and Level Annotations

Branches:
Dungeon (2/15)

Altars:


Innate Abilities, Weirdness & Mutations

You have extremely sharp teeth.
Your natural rate of healing is unusually fast.
When hurt, damage is shared between your health and your magic reserves.
Your bite disrupts and absorbs the magic of your enemies.
Potions cannot restore your health.
You are immune to rotting.


Message History

The worker ant barely misses you.
You hit the worker ant. You bite the worker ant. You drain its power.
You feel invigorated.
The worker ant is heavily wounded.
The worker ant bites you.
* * * LOW HITPOINT WARNING * * *
The worker ant misses you.
You hit the worker ant. You bite the worker ant. You drain its power.
You feel invigorated.
The worker ant is severely wounded.
The worker ant bites you. The worker ant misses you.
You hit the worker ant. Your bite misses the worker ant.
The worker ant is severely wounded.
The worker ant bites you!
* * * LOW HITPOINT WARNING * * *
You are lethally poisoned!
The worker ant poisons you!
It was a potion of curing.
Your system rejects the healing.
You feel better. The worker ant bites you.
You die...

#......#....
######.#... .###.
#.#..#### ....
#.#†(#.. ...
#.#..#.# ..#
#.#..#.####..# .
#............##...
##.###.###.a......
#.# #†...@..# #.#
#.####### #.....#
#####.# #.. ###


You could see a worker ant.

Vanquished Creatures
  2 adders (D:2)
  A worm (D:2)
  A dart slug (D:1)
  3 bats (D:1)
  2 giant cockroaches (D:1)
  2 goblins (D:1)
  2 hobgoblins (D:1)
  8 jackals
  8 kobolds (D:1)
  A ball python (D:1)
  3 frilled lizards
33 creatures vanquished.

Notes
Turn   | Place    | Note
-------+----------+-------------------------------------------
     0 | D:1      | slep the Vine Stalker Gladiator began the quest for the Orb.
     0 | D:1      | Reached XP level 1. HP: 11/11 MP: 2/2
    76 | D:1      | Reached XP level 2. HP: 11/15 MP: 3/3
   123 | D:1      | Reached skill level 3 in Axes
   380 | D:1      | Reached XP level 3. HP: 18/18 MP: 4/4
   887 | D:2      | Gained mutation: Your natural rate of healing is unusually fast. [Vine Stalker growth]
   887 | D:2      | Reached XP level 4. HP: 8/23 MP: 5/5
   897 | D:2      | HP: 1/23 [worker ant (5)]
   898 | D:2      | Slain by a worker ant

Vault maps used:
D:1:      dpeg_arrival_arbitrary_c, minmay_misc_feat_cross
D:2:      yredelemnul_altar_generic, uniq_terence

Skill      XL: |  1  2  3 |
---------------+----------+-----
Axes           | 3 |  3.4
Fighting       | 2 |  2.1
Throwing       | |  1.8
Armour         | |  0.8
Dodging        | |  2.9

Action                   |  1- 3 |  4- 6 || total
-------------------------+-------+-------++-------
Melee: War axe           |    60 |     6 ||    66
       Bite              |    22 |     3 ||    25
  Use: Potion            |       |     1 ||     1
Armor: Leather armour    |    20 |     1 ||    21
Dodge: Dodged            |    49 |     5 ||    54

Table legend:
 A = Spawn XP
 B = Non-spawn XP
 C = Spawn XP percentage of total XP
 D = Spawn monster count
 E = Non-spawn monster count
 F = Spawn count percentage of total count
 G = Total turns spent on level
                    A         B        C        D         E        F      G
               +---------+---------+-------+---------+---------+-------+---------
         Total |       0 |      86 |   0.0 |       0 |      33 |   0.0 |   898
               +---------+---------+-------+---------+---------+-------+---------
           D:1 |       0 |      49 |   0.0 |       0 |      26 |   0.0 |   848
           D:2 |       0 |      37 |   0.0 |       0 |       7 |   0.0 |    50
               +---------+---------+-------+---------+---------+-------+---------
